 Dungeon Crawl Stone Soup version 0.21.1-1-g345015f (webtiles) character file.

82125 shakethe the Severer (level 15, 0/114 HPs)
             Began as a Demonspawn Berserker on Feb 5, 2018.
             Was a High Priest of Trog.
             Slain by a freezing wraith (9 damage)
             ... on level 14 of the Dungeon.
             The game lasted 01:59:15 (25540 turns).

shakethe the Severer (Demonspawn Berserker)        Turns: 25540, Time: 01:59:16

Health: 0/114      AC: 16    Str: 20    XL:     15   Next: 28%
Magic:  0/15       EV:  9    Int:  9    God:    Trog [*****.]
Gold:   1420       SH:  3    Dex: 16    Spells: 14/14 levels left

rFire    . . .     SeeInvis .   v - +7 executioner's axe (drain)
rCold    . . .     Gourm    .   (shield currently unavailable)
rNeg     . . .     Faith    .   p - +0 chain mail {rPois}
rPois    +         Spirit   +   (helmet restricted)
rElec    .         Reflect  +   X - scarf {Spirit}
rCorr    .         Harm     .   z - +0 pair of gloves
MR       +++..     Rnd*Tele +   O - +0 pair of boots
Stlth    ..........             s - +3 amulet of reflection
HPRegen  1.29/turn              l - ring of poison resistance
MPRegen  0.14/turn              P - ring of teleportation (curse)

@: very slightly contaminated, regenerating, slowed, very slow
A: horns 2, icy blue scales 2, powered by death 2, rot immunity
a: Berserk, Trog's Hand, Brothers in Arms, Burn Spellbooks, Renounce Religion


You were on level 14 of the Dungeon.
You worshipped Trog.
Trog was extremely pleased with you.
You were very hungry.

You visited 3 branches of the dungeon, and saw 21 of its levels.
You also visited: Labyrinth and Ossuary.

You collected 1560 gold pieces.
You spent 140 gold pieces at shops.

Inventory:

Hand Weapons
 f - a +2 antimagic executioner's axe
 v - a +7 executioner's axe of draining (weapon)
 y - a +4 antimagic triple sword
 E - a +1 great mace of protection
 R - the +4 war axe of Forced Transition {chop, Str+7 Dex-5 SInv}
   (You found it on level 9 of the Dungeon)

   It inflicts extra damage upon your enemies.
   It affects your strength (+7).
   It affects your dexterity (-5).
   It lets you see invisible.
Missiles
 m - 4 tomahawks (quivered)
Armour
 p - a +0 chain mail of poison resistance (worn)
 z - a +0 pair of gloves (worn)
 D - a +2 buckler of reflection
 O - a +0 pair of boots (worn)
 X - a scarf of spirit shield (worn)
Jewellery
 l - a ring of poison resistance (left hand)
 s - a +3 amulet of reflection (around neck)
 F - an uncursed ring of positive energy
 P - a cursed ring of teleportation (right hand)
 W - an uncursed ring of see invisible
Wands
 g - a wand of enslavement (31)
 j - a wand of iceblast (16)
 x - a wand of digging (16)
 H - a wand of acid (17)
 L - a wand of polymorph (18)
 S - a wand of flame (54)
Scrolls
 a - 3 scrolls of magic mapping
 c - 2 scrolls of vulnerability
 d - 7 scrolls of identify
 e - a scroll of fog
 h - 3 scrolls of blinking
 i - 10 scrolls of teleportation
 o - a scroll of summoning
 u - 2 scrolls of fear
 w - a scroll of holy word
 C - a scroll of silence
 K - 6 scrolls of immolation
Potions
 k - 9 potions of curing
 n - 4 potions of haste
 r - 2 potions of heal wounds
 t - 2 potions of might
 A - 2 potions of lignification
 G - 4 potions of flight
 M - 3 potions of cancellation
 N - 6 potions of mutation
 Q - a potion of resistance
 T - a potion of agility
 Z - 3 potions of invisibility
Miscellaneous
 q - a lamp of fire
 I - a phantom mirror
 U - a phial of floods
Comestibles
 b - 30 rations


   Skills:
 - Level 9.5 Fighting
 * Level 19.8 Axes
 - Level 8.4 Armour
 - Level 1.7 Dodging
 - Level 4.0 Shields


You had 14 spell levels left.
You didn't know any spells.

Dungeon Overview and Level Annotations

Branches:
Dungeon (14/15)            Temple (1/1) D:5            Lair (6/6) D:10
  Swamp (0/4) Lair:3        Snake (0/4) Lair:3        Slime (0/5) Lair:5
    Orc (0/2) D:9
 Vaults: D:13-14

Altars:
Ashenzari
Cheibriados
Dithmenos
Elyvilon
Fedhas
Gozag
Hepliaklqana
Makhleb
Nemelex Xobeh
Okawaru
Qazlal
Ru
Sif Muna
Trog
Vehumet
Xom
Yredelemnul
Zin
The Shining One

Shops:
D:4 !   D:10 :


Innate Abilities, Weirdness & Mutations

You have a pair of horns on your head.
You are mostly covered in icy blue scales. (AC +3)
You regenerate health from kills.
You are immune to rotting.


Message History

* * * LOW HITPOINT WARNING * * *
The freezing wraith hits you.
* * * LOW HITPOINT WARNING * * *
The freezing wraith drains your vigour!
You feel as though you will be slow longer.
Blink to where?
Press: ? - help, Dir - move target cursor You are very lightly contaminated with residual magic.
As you read the scroll of blinking, it crumbles to dust.
You feel much better.
Your skin crawls.
You feel resistant to hostile enchantments.
You are feeling very hungry.
The freezing wraith hits you.
* * * LOW HITPOINT WARNING * * *
The freezing wraith freezes you!!
* * * LOW HITPOINT WARNING * * *
The freezing wraith hits you but does no damage.
The freezing wraith closely misses you. The freezing wraith hits you!
You die...

#...##.......##...#
#.................
#...§.....#
#(††%.....#
#(........#
#...).....#
##.))######
###)W### #..).@.#
#...((.# #......#
#......# #......#
#......# #......#
+......#


You could see a freezing wraith.

Vanquished Creatures
  The ghost of Ratty the Markscentaur, a journeyman CeMo of Okawaru (Lair:2)
  A minotaur (Lab)
  3 catoblepae (Lair:6)
  7 hydras
  2 centaur warriors (D:13)
  2 two-headed ogres
  15 death yaks (Lair:6)
  3 vault guards (D:14)
  A deep elf knight (D:13)
  A fire crab (D:13)
  A harpy (shapeshifter) (D:13)
  An orc knight (D:13)
  3 deep elf magi
  4 ugly things (D:14)
  An oklob plant (Lair:4)
  4 manticores
  5 elephants (Lair:5)
  4 black mambas
  7 spiny frogs
  6 gargoyles
  An efreet (D:12)
  A rime drake (Lair:5)
  5 komodo dragons
  A kobold demonologist (D:11)
  3 centaur skeletons
  5 trolls
  A polar bear (Lair:5)
  10 slime creatures (D:12)
  A minotaur skeleton (Lab)
  3 blink frogs (Lair:1)
  A dream sheep (shapeshifter) (D:14)
  15 dream sheep
  6 hippogriffs
  Sigmund (D:5)
  6 wyverns
  24 yaks
  A vampire (D:14)
  2 wraiths
  A shadow (D:13)
  6 basilisks
  A vampire mosquito (D:14)
  Grum (Lair:1)
  A soldier ant (D:11)
  8 water moccasins
  16 porcupines
  An ice beast (D:10)
  12 orc warriors
  3 phantoms
  4 sky beasts
  3 black bears
  2 wolves (Lair:1)
  4 ogres
  6 centaurs
  3 crocodiles
  5 big kobolds
  14 bullfrogs
  3 gnoll sergeants (D:7)
  3 scorpions
  7 wights (D:8)
  9 killer bees (D:10)
  3 electric eels
  3 lava snakes (Lair:3)
  3 centaur zombies
  4 crimson imps
  3 quasits
  15 hounds
  4 jellies
  10 orc priests
  3 bullfrog zombies
  9 orc wizards
  3 bullfrog skeletons
  A gnoll shaman (D:7)
  A human zombie (Ossuary)
  Jessica (D:2)
  Terence (D:3)
  2 iguanas
  Natasha (thrice) (D:2)
  6 worker ants
  Ijyb (D:5)
  A killer bee zombie (D:5)
  A big kobold zombie (Ossuary)
  A hound zombie (D:9)
  2 hound skeletons
  3 mummies
  9 gnolls
  21 adders
  3 shadow imps
  An ooze (D:2)
  2 adder skeletons
  3 worms
  6 dart slugs
  5 leopard geckos
  42 orcs
  4 ball pythons
  7 bats
  7 giant cockroaches
  8 goblins
  10 hobgoblins
  12 jackals
  27 kobolds
  3 quokkas
  3 frilled lizards
  A goblin zombie (Ossuary)
  2 hobgoblin zombies
  A kobold zombie (Ossuary)
  2 leopard gecko skeletons
  A leopard gecko zombie (D:6)
  3 orc zombies
  11 rats
  3 fungi (Lair:4)
  29 plants
582 creatures vanquished.

Vanquished Creatures (collateral kills)
  A two-headed ogre (D:9)
  A centaur (D:9)
  A bullfrog (D:9)
3 creatures vanquished.

Vanquished Creatures (others)
  2 unseen horrors (D:13)
  A kobold (D:7)
  8 fungi
  7 plants
18 creatures vanquished.

Grand Total: 603 creatures vanquished

Notes
Turn   | Place    | Note
-------+----------+-------------------------------------------
     0 | D:1      | shakethe the Demonspawn Berserker began the quest for the Orb.
     0 | D:1      | Reached XP level 1. HP: 18/18 MP: 1/1
   224 | D:1      | Reached skill level 3 in Axes
   236 | D:1      | Gained mutation: You have a pair of small horns on your head. [demonic ancestry]
   236 | D:1      | Reached XP level 2. HP: 21/24 MP: 2/2
   742 | D:1      | Reached XP level 3. HP: 27/29 MP: 3/3
  1270 | D:2      | Reached ** piety under Trog
  1301 | D:2      | Noticed Natasha
  1306 | D:2      | Killed Natasha
  1306 | D:2      | Reached XP level 4. HP: 35/35 MP: 4/4
  1433 | D:2      | Noticed Jessica
  1449 | D:2      | Killed Jessica
  1449 | D:2      | Reached skill level 4 in Axes
  1564 | D:2      | Noticed Natasha
  1571 | D:2      | Killed Natasha
  1571 | D:2      | Gained mutation: You regenerate a little health from kills. [demonic ancestry]
  1571 | D:2      | Reached XP level 5. HP: 42/42 MP: 5/5
  2427 | D:2      | Noticed Natasha
  2438 | D:2      | Killed Natasha
  2910 | D:3      | Noticed Terence
  2919 | D:3      | Killed Terence
  2960 | D:3      | Reached *** piety under Trog
  3117 | D:4      | Reached XP level 6. HP: 10/48 MP: 6/6
  4184 | D:4      | Found Resuimum's Distillery.
  4187 | D:4      | Bought a potion of flight for 42 gold pieces
  4187 | D:4      | Bought a potion of degeneration for 14 gold pieces
  4187 | D:4      | Bought a potion of heal wounds for 70 gold pieces
  4187 | D:4      | Bought a potion of degeneration for 14 gold pieces
  4301 | D:5      | Entered Level 5 of the Dungeon
  4304 | D:5      | Noticed Ijyb
  4311 | D:5      | Killed Ijyb
  4311 | D:5      | Reached skill level 5 in Axes
  4329 | D:5      | Reached skill level 1 in Shields
  4497 | D:5      | Found a staircase to the Ecumenical Temple.
  4516 | Temple   | Entered the Ecumenical Temple
  4638 | D:5      | Noticed a fire elemental
  4639 | D:5      | Found a stormy altar of Qazlal.
  4642 | D:5      | Noticed a water elemental
  4642 | D:5      | Noticed an air elemental
  4933 | D:5      | Found a blossoming altar of Fedhas.
  4968 | D:5      | Found a radiant altar of Vehumet.
  5050 | D:5      | Found a sparkling altar of Nemelex Xobeh.
  5061 | D:5      | Noticed Sigmund
  5078 | D:5      | Killed Sigmund
  5078 | D:5      | Gained mutation: You are immune to rotting. [demonic ancestry]
  5078 | D:5      | Reached XP level 7. HP: 41/55 MP: 7/7
  5365 | D:6      | Found a sand-covered staircase.
  5372 | Ossuary  | Entered an ossuary
  5937 | D:6      | Reached skill level 5 in Fighting
  5938 | D:6      | Reached skill level 6 in Axes
  5980 | D:6      | Gained mutation: You are partially covered in icy blue scales. (AC +2) [demonic ancestry]
  5980 | D:6      | Reached XP level 8. HP: 48/62 MP: 8/8
  5985 | D:6      | Reached **** piety under Trog
  6845 | D:7      | Reached skill level 7 in Axes
  6925 | D:7      | Reached skill level 5 in Armour
  7116 | D:7      | Gained mutation: You have a pair of horns on your head. [demonic ancestry]
  7116 | D:7      | Reached XP level 9. HP: 69/69 MP: 9/9
  7162 | D:7      | Reached ***** piety under Trog
  7185 | D:7      | Reached skill level 8 in Axes
  7490 | D:7      | Found a bloodstained altar of Trog.
  7661 | D:7      | Found an iron altar of Okawaru.
  8132 | D:8      | Reached skill level 9 in Axes
  9429 | D:9      | Reached XP level 10. HP: 32/79 MP: 3/10
  9690 | D:9      | Found a glowing golden altar of the Shining One.
  9692 | D:9      | Found a sacrificial altar of Ru.
  9771 | D:9      | Received a gift from Trog
  9794 | D:9      | Noticed a two-headed ogre
  9805 | D:9      | Killed a two-headed ogre
  9849 | D:9      | Reached skill level 10 in Axes
 10111 | D:9      | Found a basalt altar of Yredelemnul.
 10375 | D:9      | Found a staircase to the Orcish Mines.
 10488 | D:9      | Noticed a two-headed ogre
 10494 | D:9      | Killed a two-headed ogre
 10584 | D:9      | Got an ichor-stained war axe
 10603 | D:9      | Found a white marble altar of Elyvilon.
 10725 | D:9      | Found a deep blue altar of Sif Muna.
 10909 | D:9      | Identified Sif Muna's Papyrus of Augmentations
 10990 | D:10     | Entered Level 10 of the Dungeon
 10992 | D:10     | Reached XP level 11. HP: 87/87 MP: 11/11
 11068 | D:10     | Identified the +4 war axe of Forced Transition {chop, Str+7 Dex-5 SInv} (You found it on level 9 of the Dungeon)
 11146 | D:10     | Reached skill level 11 in Axes
 11352 | D:10     | Found a staircase to the Lair.
 11657 | D:10     | Found Larhitry's Book Shoppe.
 12376 | D:11     | Received a gift from Trog
 13040 | D:10     | Reached skill level 12 in Axes
 13069 | Lair:1   | Entered Level 1 of the Lair of Beasts
 13741 | Lair:1   | Noticed Grum
 13750 | Lair:1   | Killed Grum
 14367 | Lair:2   | Noticed Ratty's ghost (journeyman CeMo)
 14377 | Lair:2   | Killed Ratty's ghost
 14377 | Lair:2   | Reached skill level 13 in Axes
 14476 | Lair:2   | Reached XP level 12. HP: 63/96 MP: 8/12
 15775 | Lair:3   | Found a staircase to the Swamp.
 15994 | Lair:3   | Found a staircase to the Snake Pit.
 16576 | Lair:4   | Found a glowing silver altar of Zin.
 16804 | Lair:4   | Noticed a seven-headed hydra
 16815 | Lair:4   | Killed a seven-headed hydra
 16815 | Lair:4   | Reached skill level 14 in Axes
 17911 | Lair:5   | Noticed a five-headed hydra
 17926 | Lair:5   | Killed a five-headed hydra
 17926 | Lair:5   | Reached skill level 15 in Axes
 18561 | Lair:5   | Found a staircase to the Slime Pits.
 18792 | Lair:6   | Entered Level 6 of the Lair of Beasts
 19057 | Lair:6   | Reached skill level 16 in Axes
 19057 | Lair:6   | Gained mutation: You regenerate health from kills. [demonic ancestry]
 19057 | Lair:6   | Reached XP level 13. HP: 101/101 MP: 13/13
 19143 | Lair:6   | Received a gift from Trog
 19143 | Lair:6   | Reached XP level 14. HP: 101/108 MP: 14/14
 19220 | Lair:6   | Reached skill level 17 in Axes
 20221 | Lair:6   | Reached skill level 18 in Axes
 22092 | D:12     | Found a labyrinth entrance.
 22098 | Lab      | Entered a labyrinth
 23119 | Lab      | Found the cursed necklace of Bloodlust {*Rage +Rage MR++ Int-3 Slay+6 *Curse}
 24041 | D:12     | Reached skill level 19 in Axes
 24418 | D:13     | Gained mutation: You are mostly covered in icy blue scales. (AC +3) [demonic ancestry]
 24418 | D:13     | Reached XP level 15. HP: 74/114 MP: 4/15
 24437 | D:13     | Received a gift from Trog
 25540 | D:14     | Slain by a freezing wraith

Skill      XL: |  1  2  3  4  5  6  7  8  9 10 11 12 13 14 |
---------------+-------------------------------------------+-----
Axes           | 3 4 5 6 7 9 10 13 16 19 | 19.8
Armour         | 2 3 4 5 6 7 8 |  8.4
Fighting       | 4 5 6 7 8 9 |  9.5
Shields        | 2 3 4 |  4.0
Dodging        | |  1.7

Action                   |  1- 3 |  4- 6 |  7- 9 | 10-12 | 13-15 || total
-------------------------+-------+-------+-------+-------+-------++-------
Melee: Hand axe          |    71 |   237 |   317 |       |       ||   625
       Headbutt          |    12 |    50 |    84 |   119 |    94 ||   359
       Battleaxe         |       |       |    76 |    52 |       ||   128
       Executioner's axe |       |       |       |   471 |   361 ||   832
       Flail             |       |       |       |    13 |       ||    13
       Great mace        |       |       |       |       |    33 ||    33
Throw: Tomahawk          |       |       |     2 |    17 |       ||    19
Invok: Berserk           |     2 |     5 |     3 |    10 |     8 ||    28
       Trog's Hand       |       |       |       |     6 |     5 ||    11
       Brothers in Arms  |       |       |       |     1 |       ||     1
  Use: Scroll            |       |       |    24 |     8 |    11 ||    43
       Potion            |       |       |       |     3 |     2 ||     5
 Stab: Sleeping          |     1 |       |       |       |       ||     1
  Eat: Chunk             |     2 |    10 |    11 |    27 |    10 ||    60
       Ration            |       |     2 |     2 |     5 |     5 ||    14
Armor: Animal skin       |     1 |       |       |       |       ||     1
       Ring mail         |     9 |    18 |       |       |       ||    27
       Chain mail        |       |   101 |   155 |   437 |   252 ||   945
Dodge: Dodged            |    42 |   112 |    89 |   275 |   148 ||   666
Block: Other             |       |     5 |    10 |   104 |    44 ||   163
       Buckler           |       |    25 |   120 |       |       ||   145
       Reflection        |       |       |    11 |     1 |     5 ||    17
